TOP OF THE 1ST |
Clemson University Tigers batting - Pitching for Wichita State University Shockers : RHP John Fitzpatrick
|
Pitching: RHP John Fitzpatrick
|
|
Batting: LHB Steve Gates
|
0-0: Ball 1-0: Foul Ball, location: 2F 1-1: Ball 2-1: Foul Ball, location: 2F 2-2: Ball 3-2: Ground out U3 (Groundball, 3L, EV 103.8 MPH)
|
Batting: LHB Santiago Carrillo
|
0-0: Foul Ball, location: 2F 0-1: Called Strike 0-2: Ground out 4-3 (Groundball, 34D, EV 86.2 MPH)
|
Batting: RHB Marco Maggs
|
0-0: Called Strike 0-1: Ball 1-1: Called Strike 1-2: Ball 2-2: Ball 3-2: Base on Balls
|
Batting: RHB Josh LeSage
|
0-0: Ball 1-0: Foul Ball, location: 2F 1-1: Called Strike 1-2: Ball 2-2: Foul Ball, location: 2F 2-2: Foul Ball, location: 2F 2-2: Ball 3-2: Base on Balls Marco Maggs to second
|
Batting: LHB Jochen Salt
|
0-0: Called Strike 0-1: Swinging Strike 0-2: Foul Ball, location: 2F 0-2: Strikes out swinging
|
Top of the 1st over - 0 runs, 0 hits, 0 errors, 2 left on base; Clemson University 0 - Wichita State University 0 |
BOTTOM OF THE 1ST |
Wichita State University Shockers batting - Pitching for Clemson University Tigers : RHP Kang-xi Loh
|
Pitching: RHP Kang-xi Loh
|
|
Batting: RHB Kyle Gill
|
0-0: Foul Ball, location: 2F 0-1: Ball 1-1: Ball 2-1: Foul Ball, location: 2F 2-2: Foul Ball, location: 2F 2-2: Fly out, F5 (Popup, 56, EV 62.5 MPH)
|
Batting: RHB Byron Whitehead
|
0-0: Called Strike 0-1: Foul Ball, location: 2F 0-2: Strikes out looking
|
Batting: LHB Carlos Flores
|
0-0: Ball 1-0: Ball 2-0: Foul Ball, location: 2F 2-1: Foul Ball, location: 2F 2-2: Foul Ball, location: 2F 2-2: Foul Ball, location: 2F 2-2: Foul Ball, location: 2F 2-2: Ball 3-2: Strikes out swinging
|
Bottom of the 1st over - 0 runs, 0 hits, 0 errors, 0 left on base; Clemson University 0 - Wichita State University 0 |
TOP OF THE 2ND |
Clemson University Tigers batting - Pitching for Wichita State University Shockers : RHP John Fitzpatrick
|
Batting: RHB Jason Duncan
|
0-0: Ball 1-0: Foul Ball, location: 2F 1-1: Fly out, F9 (Flyball, 9, EV 83.8 MPH)
|
Batting: LHB George Jedinak
|
0-0: Called Strike 0-1: Foul Ball, location: 2F 0-2: Fly out, F8 (Flyball, 8LD, EV 89.4 MPH)
|
Batting: LHB Alfredo Padilla
|
0-0: Called Strike 0-1: Foul Ball, location: 2F 0-2: Foul Ball, location: 2F 0-2: Ball 1-2: SINGLE (Flyball, 78S, EV 88.8 MPH)
|
Batting: RHB Danny Gutierrez
|
0-0: Called Strike 0-1: Ball 1-1: Called Strike 1-2: Fly out, F4 (Popup, 34, EV 61.9 MPH)
|
Top of the 2nd over - 0 runs, 1 hit, 0 errors, 1 left on base; Clemson University 0 - Wichita State University 0 |
BOTTOM OF THE 2ND |
Wichita State University Shockers batting - Pitching for Clemson University Tigers : RHP Kang-xi Loh
|
Batting: LHB Troy Davies
|
0-0: Foul Ball, location: 2F 0-1: Ball 1-1: Ball 2-1: SOLO HOME RUN (Flyball, 89XD, EV 109.4 MPH), Distance : 427 ft
|
Batting: LHB Kyle Lee
|
0-0: Ball 1-0: Foul Ball, location: 2F 1-1: SINGLE (Line Drive, 8RS, EV 106.2 MPH)
|
Batting: RHB Lucio Baratta
|
0-0: Called Strike 0-1: SINGLE (Line Drive, 78S, EV 88.1 MPH) Kyle Lee to second
|
Batting: SHB Mike Chafe
|
0-0: Called Strike 0-1: Ball 1-1: Fielders Choice at 2nd, 3-6 (Groundball, 34S, EV 78.1 MPH) Kyle Lee to third
|
Batting: RHB Rick McGrath
|
0-0: Called Strike 0-1: Called Strike 0-2: Ball Wild Pitch! Kyle Lee scores Mike Chafe to second 1-2: Ball Passed Ball! Mike Chafe to third 2-2: Foul Ball, location: 2F 2-2: Foul Ball, location: 2F 2-2: Fly out, F4 (Line Drive, 4, EV 64.4 MPH)
|
Batting: RHB Joe Succo
|
0-0: Foul Ball, location: 2F 0-1: Ball Wild Pitch! Mike Chafe scores 1-1: Called Strike 1-2: Ground out 6-3 (Groundball, 6, EV 100.6 MPH)
|
Bottom of the 2nd over - 3 runs, 3 hits, 0 errors, 0 left on base; Clemson University 0 - Wichita State University 3 |
TOP OF THE 3RD |
Clemson University Tigers batting - Pitching for Wichita State University Shockers : RHP John Fitzpatrick
|
Batting: LHB Steve Gates
|
0-0: Ball 1-0: Ball 2-0: Foul Ball, location: 2F 2-1: Ball 3-1: Fly out, F9 (Line Drive, 9, EV 101.2 MPH)
|
Batting: LHB Santiago Carrillo
|
0-0: Ball 1-0: SOLO HOME RUN (Flyball, 89XD, EV 108.1 MPH), Distance : 411 ft
|
Batting: RHB Marco Maggs
|
0-0: Called Strike 0-1: TRIPLE (Line Drive, 89XD, EV 113.1 MPH)
|
Batting: RHB Josh LeSage
|
0-0: Called Strike 0-1: Ball 1-1: Ball 2-1: Ball 3-1: Called Strike 3-2: Base on Balls
|
Batting: LHB Jochen Salt
|
0-0: Called Strike 0-1: Foul Ball, location: 2F 0-2: Ball 1-2: Foul Ball, location: 2F 1-2: Foul Ball, location: 2F 1-2: 3-RUN HOME RUN (Flyball, 78XD, EV 104.4 MPH), Distance : 418 ft
|
Batting: RHB Jason Duncan
|
0-0: Swinging Strike 0-1: Ball 1-1: Ball 2-1: DOUBLE (Line Drive, 7LS, EV 87.5 MPH)
|
Batting: LHB George Jedinak
|
0-0: Ball 1-0: Fly out, F4 (Flyball, 4D, EV 93.8 MPH)
|
Batting: LHB Alfredo Padilla
|
0-0: Swinging Strike 0-1: Ball 1-1: DOUBLE (Line Drive, 5D, EV 97.5 MPH) Jason Duncan scores
|
Pitching: LHP Jacob Seymour
|
|
Batting: RHB Danny Gutierrez
|
0-0: Ground out 2-3 (Groundball, 2R, EV 73.1 MPH)
|
Top of the 3rd over - 5 runs, 5 hits, 0 errors, 1 left on base; Clemson University 5 - Wichita State University 3 |
BOTTOM OF THE 3RD |
Wichita State University Shockers batting - Pitching for Clemson University Tigers : RHP Kang-xi Loh
|
Batting: RHB Kyle Gill
|
0-0: Called Strike 0-1: Ball 1-1: Ground out U3 (Groundball, 3S, EV 68.8 MPH)
|
Batting: RHB Byron Whitehead
|
0-0: Ball 1-0: Ball 2-0: Foul Ball, location: 2F 2-1: Swinging Strike 2-2: Strikes out swinging
|
Batting: LHB Carlos Flores
|
0-0: Ball 1-0: Foul Ball, location: 2F 1-1: Foul Ball, location: 2F 1-2: Ground out 3-1 (Groundball, 34, EV 78.8 MPH)
|
Bottom of the 3rd over - 0 runs, 0 hits, 0 errors, 0 left on base; Clemson University 5 - Wichita State University 3 |
TOP OF THE 4TH |
Clemson University Tigers batting - Pitching for Wichita State University Shockers : LHP Jacob Seymour
|
Batting: LHB Steve Gates
|
0-0: Fly out, F8 (Flyball, 8LS, EV 90.6 MPH)
|
Batting: LHB Santiago Carrillo
|
0-0: Ball 1-0: Ball 2-0: Ball 3-0: Called Strike 3-1: Foul Ball, location: 2F 3-2: Ground out 5-3 (Groundball, 5L, EV 94.4 MPH)
|
Batting: RHB Marco Maggs
|
0-0: Ball 1-0: Ball 2-0: Ball 3-0: Called Strike 3-1: Called Strike 3-2: Base on Balls
|
Batting: RHB Josh LeSage
|
0-0: Foul Ball, location: 2F 0-1: Ball 1-1: Swinging Strike 1-2: Ball 2-2: Ball 3-2: Strikes out swinging
|
Top of the 4th over - 0 runs, 0 hits, 0 errors, 1 left on base; Clemson University 5 - Wichita State University 3 |
BOTTOM OF THE 4TH |
Wichita State University Shockers batting - Pitching for Clemson University Tigers : RHP Kang-xi Loh
|
Batting: LHB Troy Davies
|
0-0: Ball 1-0: Foul Ball, location: 2F 1-1: Ball 2-1: Ball 3-1: Foul Ball, location: 2F 3-2: Strikes out looking
|
Batting: LHB Kyle Lee
|
0-0: Called Strike 0-1: Foul Ball, location: 2F 0-2: Strikes out swinging
|
Batting: RHB Lucio Baratta
|
0-0: Ball 1-0: Ball 2-0: Swinging Strike 2-1: SINGLE (Groundball, 4D, EV 103.8 MPH)
|
Batting: SHB Mike Chafe
|
0-0: Ball 1-0: Ball 2-0: Foul Ball, location: 2F 2-1: Ball 3-1: Swinging Strike 3-2: Strikes out looking
|
Bottom of the 4th over - 0 runs, 1 hit, 0 errors, 1 left on base; Clemson University 5 - Wichita State University 3 |
TOP OF THE 5TH |
Clemson University Tigers batting - Pitching for Wichita State University Shockers : LHP Jacob Seymour
|
Batting: LHB Jochen Salt
|
0-0: Called Strike 0-1: Ball 1-1: Called Strike 1-2: Foul Ball, location: 2F 1-2: Ball 2-2: Ball 3-2: Base on Balls
|
Batting: RHB Jason Duncan
|
0-0: Ball Jochen Salt steals 2nd base 1-0: Called Strike 1-1: Ground out U3 (Groundball, 34S, EV 82.5 MPH) Jochen Salt to third
|
Batting: LHB George Jedinak
|
0-0: Swinging Strike 0-1: Foul Ball, location: 2F 0-2: Ball 1-2: Strikes out looking
|
Pitching: RHP Steve Mattes
|
|
Batting: LHB Alfredo Padilla
|
0-0: Ball 1-0: Called Strike 1-1: Ground out 4-3 (Groundball, 4, EV 106.9 MPH)
|
Top of the 5th over - 0 runs, 0 hits, 0 errors, 1 left on base; Clemson University 5 - Wichita State University 3 |
BOTTOM OF THE 5TH |
Wichita State University Shockers batting - Pitching for Clemson University Tigers : RHP Kang-xi Loh
|
Batting: RHB Rick McGrath
|
0-0: Ball 1-0: Called Strike 1-1: SINGLE (Line Drive, 8LS, EV 85.6 MPH)
|
Batting: RHB Joe Succo
|
0-0: Sac Bunt to 23 - play at first, batter OUT! 3-4 Rick McGrath to second
|
Batting: RHB Kyle Gill
|
0-0: Called Strike 0-1: Swinging Strike 0-2: Ball 1-2: Strikes out swinging wild pitch, reaches first! Rick McGrath to third
|
Batting: RHB Byron Whitehead
|
0-0: Ball 1-0: Ball 2-0: Foul Ball, location: 2F 2-1: Ground out 5-3 (Groundball, 5S, EV 79.4 MPH) Kyle Gill to second
|
Batting: LHB Carlos Flores
|
0-0: 3-RUN HOME RUN (Flyball, 7LD, EV 95.6 MPH), Distance : 346 ft
|
Pitching: LHP Jonathan Hughes
|
|
Batting: LHB Troy Davies
|
0-0: Ball 1-0: Ball 2-0: Called Strike 2-1: Ball 3-1: Foul Ball, location: 2F 3-2: Foul Ball, location: 2F 3-2: Base on Balls
|
Batting: LHB Kyle Lee
|
0-0: Called Strike 0-1: Foul Ball, location: 2F 0-2: Ball 1-2: Ball 2-2: Ball 3-2: Base on Balls Troy Davies to second
|
Batting: RHB Lucio Baratta
|
0-0: Ball 1-0: Ball 2-0: Swinging Strike 2-1: Ground out 3-1 (Groundball, 34S, EV 86.2 MPH)
|
Bottom of the 5th over - 3 runs, 2 hits, 0 errors, 2 left on base; Clemson University 5 - Wichita State University 6 |
TOP OF THE 6TH |
Clemson University Tigers batting - Pitching for Wichita State University Shockers : RHP Steve Mattes
|
Batting: RHB Danny Gutierrez
|
0-0: Ball 1-0: Ball 2-0: Called Strike 2-1: Foul Ball, location: 2F 2-2: Ball 3-2: Fly out, F8 (Flyball, 8LD, EV 106.2 MPH)
|
Batting: LHB Steve Gates
|
0-0: Foul Ball, location: 2F 0-1: Ball 1-1: Called Strike 1-2: Ball 2-2: Ball 3-2: Strikes out looking
|
Batting: LHB Santiago Carrillo
|
0-0: Ball 1-0: Called Strike 1-1: Ball 2-1: Ball 3-1: Called Strike 3-2: Fly out, F8 (Flyball, 8RM, EV 97.5 MPH)
|
Top of the 6th over - 0 runs, 0 hits, 0 errors, 0 left on base; Clemson University 5 - Wichita State University 6 |
BOTTOM OF THE 6TH |
Wichita State University Shockers batting - Pitching for Clemson University Tigers : LHP Jonathan Hughes
|
Pitching: RHP John Sweet
|
|
Batting: SHB Mike Chafe
|
0-0: Swinging Strike 0-1: Swinging Strike 0-2: Ball 1-2: Strikes out swinging
|
Batting: RHB Rick McGrath
|
0-0: Called Strike 0-1: Ball 1-1: Swinging Strike 1-2: Ball 2-2: Fly out, F8 (Line Drive, 8LM, EV 96.2 MPH)
|
Batting: RHB Joe Succo
|
0-0: Ball 1-0: Fly out, F9 (Flyball, 89S, EV 76.9 MPH)
|
Bottom of the 6th over - 0 runs, 0 hits, 0 errors, 0 left on base; Clemson University 5 - Wichita State University 6 |
TOP OF THE 7TH |
Clemson University Tigers batting - Pitching for Wichita State University Shockers : RHP Steve Mattes
|
Pitching: RHP Ryan Chase
|
|
Batting: RHB Marco Maggs
|
0-0: Called Strike 0-1: Ground out 6-3 (Groundball, 6S, EV 86.9 MPH)
|
Batting: RHB Josh LeSage
|
0-0: Ball 1-0: Foul Ball, location: 2F 1-1: SINGLE (Groundball, 56D, EV 94.4 MPH)
|
Batting: LHB Jochen Salt
|
0-0: Ball 1-0: Ball 2-0: Foul Ball, location: 2F 2-1: Ball 3-1: Hit by Pitch Josh LeSage to second
|
Pinch Hitting: LHB Mario Nunez
|
0-0: Ball 1-0: Ball 2-0: Called Strike 2-1: Ball 3-1: Foul Ball, location: 2F 3-2: Foul Ball, location: 2F 3-2: Base on Balls Josh LeSage to third Jochen Salt to second
|
Pitching: LHP Alex Brown
|
|
Batting: LHB George Jedinak
|
0-0: DOUBLE (Flyball, 7D, EV 109.4 MPH) Josh LeSage scores Jochen Salt scores Mario Nunez to third
|
Batting: LHB Alfredo Padilla
|
0-0: Intentional Walk
|
Batting: RHB Danny Gutierrez
|
0-0: Ball 1-0: Fly out, F8 (Flyball, 8LD, EV 93.1 MPH) Runner from 3rd tags up, SCORES, throw by CF George Jedinak to third
|
Batting: LHB Steve Gates
|
0-0: Called Strike 0-1: Called Strike 0-2: Foul Ball, location: 2F 0-2: Ball 1-2: Strikes out looking
|
Top of the 7th over - 3 runs, 2 hits, 0 errors, 2 left on base; Clemson University 8 - Wichita State University 6 |
BOTTOM OF THE 7TH |
Wichita State University Shockers batting - Pitching for Clemson University Tigers : RHP John Sweet
|
Now in LF: Tony Rivera
|
|
Batting: RHB Kyle Gill
|
0-0: Called Strike 0-1: Fly out, F7 (Flyball, 7, EV 83.8 MPH)
|
Batting: RHB Byron Whitehead
|
0-0: Called Strike 0-1: Swinging Strike 0-2: Strikes out swinging
|
Batting: LHB Carlos Flores
|
0-0: DOUBLE (Line Drive, 5D, EV 96.2 MPH)
|
Batting: LHB Troy Davies
|
0-0: Ball 1-0: Ball 2-0: Foul Ball, location: 2F 2-1: DOUBLE (Line Drive, 9LS, EV 95.0 MPH) Carlos Flores scores
|
Batting: LHB Kyle Lee
|
0-0: SINGLE (Flyball, 6D, EV 94.4 MPH) Troy Davies to third Runner from 3rd tries for Home, SAFE, throw by CF to home
|
Batting: RHB Lucio Baratta
|
0-0: Ball 1-0: Ball 2-0: Ball 3-0: Called Strike 3-1: Foul Ball, location: 2F 3-2: Foul Ball, location: 2F 3-2: Base on Balls Kyle Lee to second
|
Batting: SHB Mike Chafe
|
0-0: Ball 1-0: Foul Ball, location: 2F 1-1: Fielders Choice at 2nd, 6-4 (Groundball, 6, EV 89.4 MPH)
|
Bottom of the 7th over - 2 runs, 3 hits, 0 errors, 2 left on base; Clemson University 8 - Wichita State University 8 |
TOP OF THE 8TH |
Clemson University Tigers batting - Pitching for Wichita State University Shockers : LHP Alex Brown
|
Pitching: LHP John Schroeder
|
|
Batting: LHB Santiago Carrillo
|
0-0: Ball 1-0: Ball 2-0: Ball 3-0: Called Strike 3-1: Foul Ball, location: 2F 3-2: Fly out, F9 (Flyball, 9S, EV 95.6 MPH)
|
Batting: RHB Marco Maggs
|
0-0: Called Strike 0-1: Foul Ball, location: 2F 0-2: Strikes out swinging
|
Batting: RHB Josh LeSage
|
0-0: Foul Ball, location: 2F 0-1: Ground out 1-3 (Groundball, 15S, EV 73.8 MPH)
|
Top of the 8th over - 0 runs, 0 hits, 0 errors, 0 left on base; Clemson University 8 - Wichita State University 8 |
BOTTOM OF THE 8TH |
Wichita State University Shockers batting - Pitching for Clemson University Tigers : RHP John Sweet
|
Pitching: RHP Dustin DeMent
|
|
Batting: RHB Rick McGrath
|
0-0: Ball 1-0: Called Strike 1-1: SINGLE (Line Drive, 89S, EV 101.2 MPH)
|
Batting: RHB Joe Succo
|
0-0: Bunted foul 0-1: Ball 1-1: Sac Bunt to 25 - play at first, batter OUT! 5-4 Rick McGrath to second
|
Batting: RHB Kyle Gill
|
0-0: Ground out 4-3 (Groundball, 4, EV 88.1 MPH) Rick McGrath to third
|
Batting: RHB Byron Whitehead
|
0-0: Called Strike 0-1: Ball 1-1: Foul Ball, location: 2F 1-2: Foul Ball, location: 2F 1-2: Foul Ball, location: 2F 1-2: Ball 2-2: Strikes out swinging
|
Bottom of the 8th over - 0 runs, 1 hit, 0 errors, 1 left on base; Clemson University 8 - Wichita State University 8 |
TOP OF THE 9TH |
Clemson University Tigers batting - Pitching for Wichita State University Shockers : LHP John Schroeder
|
Batting: LHB Jochen Salt
|
0-0: SINGLE (Groundball, 3D, EV 96.9 MPH)
|
Pinch Hitting: LHB David Fiedler
|
0-0: Ball 1-0: Called Strike Jochen Salt is caught stealing 2nd base 2-6 1-1: Ground out 4-3 (Groundball, 4, EV 90.6 MPH)
|
Batting: LHB George Jedinak
|
0-0: Called Strike 0-1: Ball 1-1: Ball 2-1: Called Strike 2-2: Fly out, F9 (Flyball, 89S, EV 90.6 MPH)
|
Top of the 9th over - 0 runs, 1 hit, 0 errors, 0 left on base; Clemson University 8 - Wichita State University 8 |
BOTTOM OF THE 9TH |
Wichita State University Shockers batting - Pitching for Clemson University Tigers : RHP Dustin DeMent
|
Pitching: LHP Will West
|
|
Now in LF: David Rhodes
|
|
Batting: LHB Carlos Flores
|
0-0: Ball 1-0: Ball 2-0: Fly out, F7 (Flyball, 78S, EV 81.9 MPH)
|
Batting: LHB Troy Davies
|
0-0: Ball 1-0: Ball 2-0: DOUBLE (Line Drive, 9LM, EV 108.1 MPH)
|
Pinch Hitting: RHB Alex Zeledon
|
0-0: Swinging Strike 0-1: Foul Ball, location: 2F 0-2: Foul Ball, location: 2F 0-2: Ball 1-2: Ball 2-2: Foul Ball, location: 2F 2-2: SINGLE (Groundball, 34S, EV 61.2 MPH) (infield hit) Troy Davies to third
|
Batting: RHB Lucio Baratta
|
0-0: Foul Ball, location: 2F 0-1: Ball 1-1: Fielders Choice at home, 4-2 (Groundball, 34D, EV 102.5 MPH) Alex Zeledon to second
|
Batting: SHB Mike Chafe
|
0-0: Called Strike 0-1: Called Strike 0-2: Strikes out swinging
|
Bottom of the 9th over - 0 runs, 2 hits, 0 errors, 2 left on base; Clemson University 8 - Wichita State University 8 |
TOP OF THE 10TH |
Clemson University Tigers batting - Pitching for Wichita State University Shockers : LHP John Schroeder
|
Pitching: LHP Blake Gans
|
|
Now at 1B: Jason Adelstein
|
|
Batting: LHB Alfredo Padilla
|
0-0: Ball 1-0: Ball 2-0: Ball 3-0: Called Strike 3-1: Base on Balls
|
Batting: RHB Danny Gutierrez
|
0-0: Ball 1-0: Foul Ball, location: 2F 1-1: Bunted foul 1-2: Fly out, F9 (Line Drive, 9LM, EV 91.9 MPH)
|
Batting: LHB Steve Gates
|
0-0: Called Strike 0-1: Ball 1-1: Swinging Strike 1-2: Ball 2-2: Foul Ball, location: 2F 2-2: SINGLE (Groundball, 23, EV 76.9 MPH) (infield hit) Alfredo Padilla to second
|
Batting: LHB Santiago Carrillo
|
0-0: Foul Ball, location: 2F 0-1: Grounds into double play, U5-3 (Groundball, 5L, EV 85.6 MPH)
|
Top of the 10th over - 0 runs, 1 hit, 0 errors, 1 left on base; Clemson University 8 - Wichita State University 8 |
BOTTOM OF THE 10TH |
Wichita State University Shockers batting - Pitching for Clemson University Tigers : LHP Will West
|
Batting: RHB Rick McGrath
|
0-0: Ball 1-0: Called Strike 1-1: DOUBLE (Flyball, 78XD, EV 111.2 MPH)
|
Batting: RHB Joe Succo
|
0-0: Bunted foul 0-1: Ball 1-1: Sac Bunt to 25 - play at first, batter OUT! 5-4 Rick McGrath to third
|
Pitching: RHP Trevor Doyle
|
|
Batting: RHB Kyle Gill
|
0-0: Ball 1-0: Ball 2-0: Fly out, F7 (Flyball, 7S, EV 95.0 MPH)
|
Batting: RHB Byron Whitehead
|
0-0: Ball 1-0: Ball 2-0: Ball 3-0: Base on Balls
|
Batting: LHB Carlos Flores
|
0-0: Foul Ball, location: 2F 0-1: Fly out, F8 (Flyball, 8RD, EV 95.0 MPH)
|
Bottom of the 10th over - 0 runs, 1 hit, 0 errors, 2 left on base; Clemson University 8 - Wichita State University 8 |
TOP OF THE 11TH |
Clemson University Tigers batting - Pitching for Wichita State University Shockers : LHP Blake Gans
|
Pitching: LHP Éric Duval
|
|
Batting: RHB Marco Maggs
|
0-0: Called Strike 0-1: Ball 1-1: Fly out, F8 (Line Drive, 8LM, EV 85.0 MPH)
|
Batting: RHB Josh LeSage
|
0-0: Called Strike 0-1: Ball 1-1: Ball 2-1: Ball 3-1: Base on Balls
|
Batting: LHB Jochen Salt
|
0-0: Fly out, F7 (Line Drive, 7, EV 95.6 MPH)
|
Batting: RHB David Rhodes
|
0-0: Called Strike 0-1: Foul Ball, location: 2F 0-2: Ball 1-2: Ball 2-2: Strikes out looking
|
Top of the 11th over - 0 runs, 0 hits, 0 errors, 1 left on base; Clemson University 8 - Wichita State University 8 |
BOTTOM OF THE 11TH |
Wichita State University Shockers batting - Pitching for Clemson University Tigers : RHP Trevor Doyle
|
Batting: LHB Troy Davies
|
0-0: Ball 1-0: Ball 2-0: Ball 3-0: Called Strike 3-1: Base on Balls
|
Batting: RHB Jason Adelstein
|
0-0: Ball 1-0: Fly out, F9 (Flyball, 89M, EV 87.5 MPH)
|
Batting: RHB Lucio Baratta
|
0-0: Called Strike 0-1: Fly out, F8 (Flyball, 8RXD, EV 103.8 MPH)
|
Batting: SHB Mike Chafe
|
0-0: Ball Troy Davies is caught stealing 2nd base 2-6
|
Bottom of the 11th over - 0 runs, 0 hits, 0 errors, 0 left on base; Clemson University 8 - Wichita State University 8 |
TOP OF THE 12TH |
Clemson University Tigers batting - Pitching for Wichita State University Shockers : LHP Éric Duval
|
Batting: LHB George Jedinak
|
0-0: Ball 1-0: DOUBLE (Flyball, 9LD, EV 100.0 MPH)
|
Batting: LHB Alfredo Padilla
|
0-0: Intentional Walk
|
Batting: RHB Danny Gutierrez
|
0-0: Fielders Choice at 2nd, 4-6 (Groundball, 4S, EV 86.9 MPH) George Jedinak to third
|
Batting: LHB Steve Gates
|
0-0: Foul Ball, location: 2F 0-1: Called Strike 0-2: Foul Ball, location: 2F 0-2: Ball 1-2: Fly out, F9 (Flyball, 9, EV 93.8 MPH)
|
Batting: LHB Santiago Carrillo
|
0-0: Foul Ball, location: 2F 0-1: Ball 1-1: Ball 2-1: Ball 3-1: Swinging Strike 3-2: DOUBLE (Line Drive, 9LD, EV 110.0 MPH) George Jedinak scores Danny Gutierrez to third Danny Gutierrez scores
|
Batting: RHB Marco Maggs
|
0-0: Ground out 6-3 (Groundball, 6S, EV 64.4 MPH)
|
Top of the 12th over - 2 runs, 2 hits, 0 errors, 1 left on base; Clemson University 10 - Wichita State University 8 |
BOTTOM OF THE 12TH |
Wichita State University Shockers batting - Pitching for Clemson University Tigers : RHP Trevor Doyle
|
Batting: SHB Mike Chafe
|
0-0: Ball 1-0: Fly out, F7 (Line Drive, 7, EV 86.9 MPH)
|
Batting: RHB Rick McGrath
|
0-0: Called Strike 0-1: Foul Ball, location: 2F 0-2: Ball 1-2: Ball 2-2: SINGLE (Groundball, 56D, EV 96.9 MPH)
|
Pinch Hitting: RHB Jeff Grant
|
0-0: Called Strike 0-1: Ball 1-1: Called Strike 1-2: Ball 2-2: Strikes out swinging
|
Batting: RHB Kyle Gill
|
0-0: Ball 1-0: Ball 2-0: Foul Ball, location: 2F 2-1: Reached on error, E1 (Groundball, 13S, EV 66.9 MPH) Rick McGrath to third
|
Batting: RHB Byron Whitehead
|
0-0: Ball 1-0: Foul Ball, location: 2F 1-1: Ball 2-1: Ball 3-1: Foul Ball, location: 2F 3-2: Strikes out swinging
|
Bottom of the 12th over - 0 runs, 1 hit, 1 error, 2 left on base; Clemson University 10 - Wichita State University 8 |
|